 Dungeon Crawl Stone Soup version 0.31-a0-455-g1a7b003ef0 (webtiles) character file.

Game seed: 11255279198333512068

61426 Xavori the Protected (level 15, -8/98 HPs)
             Began as a Djinni Chaos Knight on Aug 3, 2023.
             Was a Plaything of Xom.
             Mangled by an orc warrior
             ... wielding a +0 glaive
              (13 damage)
             ... on level 2 of the Orcish Mines.
             The game lasted 00:33:34 (28710 turns).

Xavori the Protected (Djinni Chaos Knight)         Turns: 28710, Time: 00:33:35

Health: -8/98      AC: 38    Str: 16      XL:     15   Next: 42%
Gold:   2809       EV: 11    Int: 13 (14) God:    Xom [.*....] SH:  0 Dex: 26 (28)

rFire   + + +        E - +6 rapier of Res Nullius {heavy, Str+4 Dex+4 Stlth+}
rCold   x . .        (no shield)
rNeg    . . .        G - +13 crystal plate armour of Pan-Flutes {rF+}
rPois   ∞            (helmet unavailable)
rElec   +            d - scarf {shadows}
rCorr   .            h - +1 pair of gloves
SInv    .            (boots unavailable)
Will    +....        s - amulet "Doph" {Rampage rElec rF+ Regen+ Dex+3} Stlth
                     e - +5 ring of evasion
HPRegen 1.16/turn    n - +4 ring of slaying
MPRegen 0.00/turn

%: rampage, infuse magic (-9 HP)
@: mighty, flying, hasted, unable to read, very quick
A: sickness immunity, fire resistance 2, cold vulnerability 1, float, innate
caster, HP casting, extra vitality 1, claws 1, horns 3, thin skeletal structure
1, agile 1, deterioration 1, frail 1, weak 1, no potion heal 1, inability to
read after injury 1, MP-powered wands
a: Renounce Religion


You were on level 2 of the Orcish Mines.
You worshipped Xom.
You were a plaything of Xom.
You visited 3 branches of the dungeon, and saw 18 of its levels.
You also visited: Ossuary and Gauntlet.

You collected 2809 gold pieces.

Inventory:

Hand Weapons
 a - a +1 falchion of chaos
 E - the +6 rapier of Res Nullius (weapon) {heavy, Str+4 Dex+4 Stlth+}
   (You found it on level 7 of the Dungeon)

   Str:       It affects your strength (+4).
   Dex:       It affects your dexterity (+4).
   Stlth:     It makes you more stealthy.
 P - the +8 whip "Snakebite" {venom, curare, rPois}
   (You took it off a minotaur in a Gauntlet)

   rPois:     It protects you from poison.
Missiles
 v - 2 throwing nets
Armour
 b - a +2 leather armour
 d - a scarf of shadows (worn)
 g - a +2 helmet of intelligence
 h - a +1 pair of gloves (worn)
 G - the +13 crystal plate armour of Pan-Flutes (worn) {rF+}
   (You acquired it on level 11 of the Dungeon)

   rF:        It protects you from fire.
 R - the +3 pair of gloves of Ymeloecs {rElec rPois rF++ Will+ Int-5}
   (You found it in a Gauntlet)

   Int:       It affects your intelligence (-5).
   rF:        It greatly protects you from fire.
   rElec:     It insulates you from electricity.
   rPois:     It protects you from poison.
   Will:      It increases your willpower.
 S - the scarf of the Hippogriff {+Inv, -Cast rPois rF+++ rC-}
   (You found it in a Gauntlet)

   rF:        It renders you almost immune to fire.
   rC:        It makes you vulnerable to cold.
   rPois:     It protects you from poison.
   -Cast:     It prevents spellcasting.
Jewellery
 e - a +5 ring of evasion (left hand)
 n - a +4 ring of slaying (right hand)
 s - the amulet "Doph" (around neck) {Rampage rElec rF+ Regen+ Dex+3}
   (You found it on level 3 of the Dungeon)

   [amulet of regeneration]

   Dex:       It affects your dexterity (+3).
   rF:        It protects you from fire.
   rElec:     It insulates you from electricity.
   Regen:     It increases your rate of health regeneration.
   Rampage:   It bestows one free step when moving towards enemies.
 D - a +4 ring of protection
 M - the amulet of the Air {Inacc Air Fly rElec RMsl}
   (You found it in a Gauntlet)

   [amulet of nothing]

   Inacc:     It reduces the accuracy of your attacks and spells.
   Air:       It enhances your air magic.
   rElec:     It insulates you from electricity.
   Fly:       It grants you flight.
   RMsl:      It protects you from missiles.
 N - the ring of Mones {Fire MP+9 Str+2 Dex+2}
   (You found it in a Gauntlet)

   [ring of fire]

   It enhances your fire magic.
   Str:       It affects your strength (+2).
   Dex:       It affects your dexterity (+2).
   rF:        It protects you from fire.
   rC:        It makes you vulnerable to cold.
   MP:        It affects your magic capacity (+9).
Wands
 j - a wand of mindburst (28)
 t - a wand of flame (49)
 y - a wand of charming (20)
 F - a wand of roots (6)
Scrolls
 c - a scroll of butterflies
 i - a scroll of brand weapon {unknown}
 l - 2 scrolls of immolation
 m - 6 scrolls of fear
 o - 7 scrolls of teleportation
 q - 6 scrolls of fog
 r - 4 scrolls of poison
 z - 2 scrolls of revelation
 H - a scroll of enchant armour
 K - a scroll of summoning
 L - a scroll of enchant weapon
Potions
 f - 2 potions of ambrosia
 k - a potion of haste
 p - a potion of heal wounds
 w - 5 potions of curing
 x - a potion of cancellation
 B - 3 potions of brilliance {unknown}
 C - a potion of mutation
 J - a potion of berserk rage
Miscellaneous
 u - a phial of floods
 T - a tin of tremorstones (2/2)


   Skills:
 + Level 10.6 Fighting
 + Level 4.0(8.2) Short Blades
 * Level 11.1(11.5) Long Blades
 * Level 14.4 Armour
 - Level 7.9 Dodging
 - Level 4.1 Stealth
 + Level 6.8 Shields
 * Level 6.5 Spellcasting
 * Level 6.5 Conjurations
 * Level 6.5 Hexes
 * Level 6.5 Summonings
 * Level 6.5 Necromancy
 * Level 6.5 Translocations
 * Level 6.5 Transmutations
 * Level 6.5 Fire Magic
 * Level 6.5 Ice Magic
 * Level 6.5 Air Magic
 * Level 6.5 Earth Magic
 * Level 6.5 Poison Magic
 - Level 5.8 Evocations


You knew the following spells:

 Your Spells              Type           Power      Damage    Failure   Level
a - Slow                  Hex            84%        N/A       82%         1
b - Wereblood             Tmut           21%        N/A       91%         2
c - Vampiric Draining     Necr           21%        2d7       99%         3
d - Tukima's Dance        Hex            21%        N/A       99%         3
e - Passage of Golubria   Tloc           21%        N/A       100%        4
f - Yara's Violent Unrav  Hex/Tmut       10%        3d6       100%        5
g - Eringya's Noxious Bo  Tmut/Pois      10%        4d6       100%        6
Your spell library was empty.


Dungeon Overview and Level Annotations

Branches:
Dungeon (11/15)            Temple (0/1) D:4            Lair (5/5) D:9
  Swamp (0/4) Lair:2        Snake (0/4) Lair:2        Slime (0/5) Lair:5
    Orc (2/2) D:11            Elf (0/3) Orc:2       Ossuary (visited)
Gauntlet (visited)

Altars:
Ashenzari
Cheibriados
Gozag
Hepliaklqana
Nemelex Xobeh
Qazlal
Trog
Uskayaw
Wu Jian
Xom

Shops:
Orc:1 *

Annotations:
D:5 2 transporters, otakuarchivist's ghost, amateur DsSh
D:8 2 transporters, randomguy2701's ghost, novice MiFi
Lair:5 1 runed translucent door
Orc:1 Maurice


Innate Abilities, Weirdness & Mutations

You are immune to sickness and miasma.
You are immune to poison.
Your flesh is very heat resistant. (rF++)
You are vulnerable to cold. (rC-)
You float through the air rather than walking.
You learn spells naturally, not from books.
Your magical power is your life essence.
You have superior vitality. (+4 MHP)
You have sharp fingernails.
You have a pair of large horns on your head.
You have a somewhat thin skeletal structure. (Dex +2, Stealth+)
You are agile. (Dex +4, Str/Int -1)
Your body sometimes deteriorates upon taking damage.
You are frail. (-10% HP)
You are weak. (Str -2)
Potions are less effective at restoring your health.
You occasionally lose the ability to read scrolls when taking damage.
You expend health (3 HP) to strengthen your wands.


Message History

You hit the orc knight.
The orc knight is severely wounded.
The orc warrior hits you with a +0 battleaxe!!
You feel threatened and lose the ability to read scrolls!
The orc warrior hits you with a +0 glaive.
The orc knight hits you but does no damage.
Unknown command.
Okay, then.
You cannot read scrolls in your current state!
Your system partially rejects the healing.
You feel much better.
The orc warrior hits you with a +0 glaive!
The orc knight hits you with a +0 broad axe.
The orc warrior hits you with a +0 battleaxe.
* * * LOW HITPOINT WARNING * * *
You cannot read scrolls in your current state!
You feel yourself speed up.
The orc warrior hits you but does no damage.
The orc warrior hits you with a +0 battleaxe.
* * * LOW HITPOINT WARNING * * *
You feel very mighty all of a sudden.
You puncture the orc knight!
The orc knight is almost dead.
The orc knight hits you with a +0 broad axe.
* * * LOW HITPOINT WARNING * * *
The orc warrior barely misses you. The orc warrior closely misses you.
Unknown command.
You impale the orc knight!!
You kill the orc knight!
The orc warrior hits you with a +0 glaive!
* * * LOW HITPOINT WARNING * * *
Xom roars with laughter!
Your body deteriorates!
You feel clumsy. The orc warrior closely misses you.
You impale the orc warrior!!
You kill the orc warrior!
The orc unwields a +0 orcbow.
The orc wields a +0 mace.
The orc closely misses you.
The orc warrior hits you with a +0 glaive!
You die...

###.##...# #.
##.#.##..###. #.
#........##.....
##.......#.#.#..
#...#......#...
##.#...........
#..............
####..............
###@#o..#........$..
#.ooooo.............
#..).o...............
....................$..
#$#.##....#............
# ###.......<..........
##.#.........#.....
###........$$.....
.................


You could see 2 orc warriors and 4 orcs.

Vanquished Creatures
  A shadow dragon (Lair:5)
  A minotaur (Gauntlet)
  A dire elephant (Gauntlet)
  A fire dragon (Lair:5)
  5 hydras
  A catoblepas (Lair:4)
  2 boulder beetles
  A two-headed ogre (D:9)
  The ghost of Xavori the Martial Artist, a journeyman OpCK of Xom (Lair:1)
  A skyshark (Lair:2)
  A swamp dragon (Lair:5)
  An orc knight (Orc:2)
  4 lindwurms
  A cyclops (Orc:2)
  A faun (shapeshifter) (D:11)
  11 black mambas
  10 elephants
  4 torpor snails
  11 cane toads
  An eye of devastation (Gauntlet)
  An unseen horror (D:11)
  Maggie (D:6)
  6 rime drakes
  14 komodo dragons
  A kobold demonologist (D:9)
  5 trolls
  2 polar bears
  A queen bee (D:11)
  19 blink frogs
  4 hornets
  5 dream sheep
  4 flying skulls (Gauntlet)
  A wraith (D:10)
  55 yaks
  2 wyverns
  7 basilisks
  4 vampire mosquitoes (D:11)
  4 steam dragons
  2 wargs (Orc:1)
  2 nagas (Lair:2)
  An acid dragon (D:8)
  A floating eye (Gauntlet)
  30 water moccasins
  2 ice beasts
  4 swamp drakes (Lair:5)
  3 sky beasts
  10 orc warriors
  4 black bears
  3 ogres
  20 wolves
  4 centaurs
  A phantom (D:5)
  2 kobold brigands
  9 bullfrogs
  2 scorpions (D:4)
  10 wights
  20 killer bees
  4 electric eels
  4 orc priests
  A gnoll bouda (D:9)
  4 hounds
  4 jellies
  5 iguanas
  14 orc wizards
  6 hell rats (Lair:4)
  3 mummies (Ossuary)
  7 gnolls
  17 adders
  A white imp (D:5)
  An ufetubus (D:6)
  6 adder zombies (Ossuary)
  2 dart slugs (D:1)
  49 orcs
  3 ball pythons
  3 bats (D:2)
  6 endoplasms
  2 giant cockroaches
  8 goblins
  14 hobgoblins
  14 kobolds
  A quokka (D:2)
  4 frilled lizards
  3 goblin zombies (Ossuary)
  2 hobgoblin zombies (Ossuary)
  5 kobold zombies (Ossuary)
  A quokka zombie (Ossuary)
  5 rats
  A rat zombie (Ossuary)
  4 butterflies
530 creatures vanquished.

Vanquished Creatures (collateral kills)
  2 two-headed ogres (D:10)
  An elephant (Lair:4)
  A yak (Lair:1)
  A naga (Lair:2)
  An orc warrior (D:10)
  A centaur (D:10)
  5 killer bees
  An orc (D:10)
  A goblin (D:3)
14 creatures vanquished.

Vanquished Creatures (others)
  A queen bee (Lair:1)
  2 iguanas (Lair:5)
  A hell rat (Lair:4)
  An adder (Lair:2)
5 creatures vanquished.

Grand Total: 549 creatures vanquished

Notes
Turn   | Place    | Note
-------+----------+-------------------------------------------
     0 | D:1      | Xavori the Djinni Chaos Knight began the quest for the Orb.
     0 | D:1      | Reached XP level 1. HP: 20/20 MP: 0/0
   331 | D:1      | XOM: silly message
   502 | D:1      | XOM: give mutations
   502 | D:1      | Gained mutation: You have a pair of small horns on your
                  | head. [Xom's grace]
   502 | D:1      | Gained mutation: You are agile. (Dex +4, Str/Int -1) [Xom's
                  | grace]
   802 | D:1      | XOM: give mutations
   802 | D:1      | Gained mutation: Your natural rate of healing is unusually
                  | fast. [Xom's grace]
   802 | D:1      | Gained mutation: You have a somewhat thin skeletal
                  | structure. (Dex +2, Stealth+) [Xom's grace]
   802 | D:1      | Gained mutation: You are strong-willed. (Will+) [Xom's
                  | grace]
  1040 | D:1      | XOM: scenery: 1 doors open
  1687 | D:1      | XOM: stat loss: -1 Str (9/10)
  1858 | D:1      | Reached XP level 2. HP: 25/25 MP: 0/0
  1956 | D:1      | XOM: polymorph bat -> kobold
  2052 | D:1      | Reached XP level 3. HP: 30/30 MP: 0/0
  2052 | D:1      | Learned a level 1 spell: Slow
  3534 | D:1      | XOM: noise
  3755 | D:1      | XOM is BORED!
  3851 | D:1      | XOM: silly message
  4742 | D:1      | XOM: stat loss: -1 Str (11/12)
  4912 | D:1      | XOM: god gift: Ozocubu's Autobiography
  4960 | D:1      | XOM: scenery: summon butterflies
  5180 | D:1      | XOM: give mutations
  5180 | D:1      | Gained mutation: You passively map a small area around you.
                  | [Xom's grace]
  5180 | D:1      | Gained mutation: You have a pair of horns on your head.
                  | [Xom's grace]
  5180 | D:1      | Gained mutation: You expend health (3 HP) to strengthen
                  | your wands. [Xom's grace]
  5180 | D:1      | Gained mutation: You have a pair of large horns on your
                  | head. [Xom's grace]
  5628 | D:2      | XOM: scenery: summon butterflies
  5766 | D:2      | XOM: give mutations
  5766 | D:2      | Gained mutation: You passively map the area around you.
                  | [Xom's mischief]
  5766 | D:2      | Lost mutation: You passively map the area around you.
                  | [Xom's mischief]
  5808 | D:2      | Reached XP level 4. HP: 35/35 MP: 0/0
  5819 | D:2      | XOM: give mutations
  5819 | D:2      | Lost mutation: You are agile. (Dex +4, Str/Int -1) [Xom's
                  | mischief]
  5819 | D:2      | Gained mutation: Your muscles are strong. (Str +4, Int/Dex
                  | -1) [Xom's mischief]
  5949 | D:3      | XOM: 5-stop teleportation journey
  6062 | D:3      | XOM: smoke on damage
  6093 | D:3      | Reached skill level 1 in Stealth
  6115 | D:3      | Identified the amulet "Doph" {Rampage rElec rF+ Regen+
                  | Dex+3}
  6403 | D:4      | Noticed a scorpion
  6408 | D:4      | Killed a scorpion
  6409 | D:4      | Reached skill level 2 in Armour
  6409 | D:4      | Reached skill level 1 in Spellcasting
  6409 | D:4      | Reached skill level 1 in Conjurations
  6409 | D:4      | Reached skill level 1 in Hexes
  6409 | D:4      | Reached skill level 1 in Summonings
  6409 | D:4      | Reached skill level 1 in Necromancy
  6409 | D:4      | Reached skill level 1 in Translocations
  6409 | D:4      | Reached skill level 1 in Transmutations
  6409 | D:4      | Reached skill level 1 in Fire Magic
  6409 | D:4      | Reached skill level 1 in Ice Magic
  6409 | D:4      | Reached skill level 1 in Air Magic
  6409 | D:4      | Reached skill level 1 in Earth Magic
  6409 | D:4      | Reached skill level 1 in Poison Magic
  6409 | D:4      | Reached XP level 5. HP: 35/40 MP: 0/0
  6409 | D:4      | Learned a level 2 spell: Wereblood
  6414 | D:4      | Noticed an ogre
  6420 | D:4      | Killed an ogre
  6421 | D:4      | Reached XP level 6. HP: 36/46 MP: 0/0
  6428 | D:4      | Noticed a sky beast
  6446 | D:4      | Killed a sky beast
  6543 | D:4      | XOM: blink monster(s)
  6551 | D:4      | Reached XP level 7. HP: 39/51 MP: 0/0
  6551 | D:4      | Learned a level 3 spell: Vampiric Draining
  6647 | D:4      | XOM: summons 4 hostile demons
  6996 | D:4      | Found a glowing golden altar of the Shining One.
  6997 | D:4      | Found an ornate altar of the Wu Jian Council.
  6997 | D:4      | Found a stormy altar of Qazlal.
  7000 | D:4      | Found a shimmering altar of Xom.
  7000 | D:4      | Found a hazy altar of Hepliaklqana.
  7000 | D:4      | Found a sparkling altar of Nemelex Xobeh.
  7014 | D:4      | Found a staircase to the Ecumenical Temple.
  7158 | D:5      | Entered Level 5 of the Dungeon
  7168 | D:5      | Reached skill level 5 in Long Blades
  7209 | D:5      | XOM: polymorph adder -> jelly
  7312 | D:5      | Found an opulent altar of Gozag.
  7313 | D:5      | Found a snail-covered altar of Cheibriados.
  7331 | D:5      | XOM: cast spell 'Olgreb's Toxic Radiance'
  7406 | D:5      | Reached skill level 3 in Armour
  7406 | D:5      | Reached XP level 8. HP: 42/58 MP: 0/0
  7453 | D:5      | XOM: god gift: scroll labelled EKHLUMP RIMUK {god gift}
  7553 | D:5      | Found a transporter.
  7572 | D:5      | Found a transporter.
  7576 | D:5      | Noticed otakuarchivist's ghost (amateur DsSh)
  7619 | D:5      | XOM: god gift: 42 gold pieces
  7978 | D:6      | Found a sand-covered staircase.
  7982 | Ossuary  | Entered an ossuary
  7991 | Ossuary  | XOM: butterfly on damage
  8170 | D:6      | XOM: noise
  8176 | D:6      | Noticed Maggie
  8185 | D:6      | Killed Maggie
  8229 | D:6      | XOM: enchant monster (good)
  8235 | D:6      | Reached XP level 9. HP: 57/63 MP: 0/0
  8235 | D:6      | Learned a level 3 spell: Tukima's Dance
  8689 | D:6      | XOM: divination: detect creatures
  8710 | D:6      | XOM: god gift: Necronomicon
  9123 | D:6      | XOM: give mutation
  9123 | D:6      | Gained mutation: Your flesh is almost immune to the effects
                  | of heat. (rF+++) [Xom's grace]
  9169 | D:7      | Noticed a troll
  9189 | D:7      | Killed a troll
  9190 | D:7      | Reached skill level 5 in Fighting
  9313 | D:7      | XOM: give mutations
  9313 | D:7      | Gained mutation: You are partially covered in iridescent
                  | scales. (AC +2) [Xom's grace]
  9313 | D:7      | Gained mutation: You are partially covered in large bone
                  | plates. (SH +4) [Xom's grace]
  9377 | D:7      | XOM: silly message
  9442 | D:7      | XOM: smoke on damage
  9582 | D:7      | Identified the +6 rapier of Res Nullius {heavy, Str+4 Dex+4
                  | Stlth+}
  9596 | D:7      | Reached skill level 1 in Evocations
  9632 | D:7      | XOM: give mutation
  9632 | D:7      | Lost mutation: Your muscles are strong. (Str +4, Int/Dex
                  | -1) [Xom's mischief]
  9777 | D:7      | Reached skill level 5 in Dodging
  9784 | D:7      | Reached skill level 4 in Armour
  9970 | D:7      | Reached XP level 10. HP: 70/70 MP: 0/0
  9998 | D:7      | XOM: give mutations
  9998 | D:7      | Lost mutation: You are strong-willed. (Will+) [Xom's
                  | mischief]
  9998 | D:7      | Gained mutation: Your body sometimes deteriorates upon
                  | taking damage. [Xom's mischief]
  9998 | D:7      | Gained mutation: Your body often deteriorates upon taking
                  | damage. [Xom's mischief]
  9998 | D:7      | Lost mutation: Your natural rate of healing is unusually
                  | fast. [Xom's mischief]
 10207 | D:8      | Found a broken altar of Ashenzari.
 10316 | D:8      | Noticed randomguy2701's ghost (novice MiFi)
 10317 | D:8      | Found a transporter.
 10317 | D:8      | Noticed a two-headed ogre
 10330 | D:8      | Noticed a red ugly thing
 10331 | D:8      | Noticed a centaur warrior
 10342 | D:8      | Found a transporter.
 10370 | D:8      | Found a sparkling altar of Nemelex Xobeh.
 10440 | D:8      | Reached skill level 1 in Shields
 10522 | D:8      | Noticed a +0 short sword
 10522 | D:8      | Noticed a +0 short sword
 10522 | D:8      | Noticed a +0 dagger
 10523 | D:8      | Noticed a +0 spear
 10523 | D:8      | Noticed a +0 dagger
 10523 | D:8      | Noticed a +0 falchion
 10524 | D:8      | Noticed a +0 spear
 10524 | D:8      | Noticed a +0 falchion
 10538 | D:8      | XOM: summons friendly iron imp
 10561 | D:8      | Found a hide-covered altar of Uskayaw.
 10716 | D:8      | XOM: give mutations
 10716 | D:8      | Lost mutation: You are partially covered in iridescent
                  | scales. (AC +2) [Xom's mischief]
 10716 | D:8      | Gained mutation: You are mostly covered in large bone
                  | plates. (SH +6) [Xom's mischief]
 10838 | D:9      | Noticed a kobold demonologist
 10844 | D:9      | Killed a kobold demonologist
 10846 | D:9      | Found a staircase to the Lair.
 10870 | D:9      | Noticed a two-headed ogre
 10871 | D:9      | Killed a two-headed ogre
 11275 | D:9      | XOM: give mutations
 11275 | D:9      | Lost mutation: You are mostly covered in large bone plates.
                  | (SH +6) [Xom's mischief]
 11275 | D:9      | Lost mutation: You passively map a small area around you.
                  | [Xom's mischief]
 11432 | D:10     | Entered Level 10 of the Dungeon
 11438 | D:10     | XOM: give mutations
 11438 | D:10     | Gained mutation: You are weak. (Str -2) [Xom's mischief]
 11438 | D:10     | Gained mutation: You are partially covered in iridescent
                  | scales. (AC +2) [Xom's mischief]
 11438 | D:10     | Lost mutation: You are partially covered in iridescent
                  | scales. (AC +2) [Xom's mischief]
 11438 | D:10     | Lost mutation: You expend health (3 HP) to strengthen your
                  | wands. [Xom's mischief]
 11550 | D:10     | Noticed a two-headed ogre
 11553 | D:10     | Noticed a two-headed ogre
 11554 | D:10     | XOM: summons 10 friendly demons
 11556 | D:10     | Killed a two-headed ogre
 11557 | D:10     | Reached XP level 11. HP: 73/78 MP: 0/0
 11557 | D:10     | Learned a level 4 spell: Passage of Golubria
 11559 | D:10     | Killed a two-headed ogre
 11607 | D:10     | XOM: cloud trail
 11798 | D:10     | XOM: 2-stop teleportation journey
 11870 | D:10     | Reached skill level 5 in Armour
 12100 | D:10     | XOM: god gift: 18 gold pieces
 12154 | D:10     | XOM: cast spell 'Call Canine Familiar'
 12188 | D:10     | XOM: divination: detect items
 12271 | D:11     | XOM: 1-stop teleportation journey
 12657 | D:11     | Reached skill level 5 in Evocations
 12696 | D:11     | XOM: summons friendly shadow imp
 12697 | D:11     | XOM: scenery: 2 doors close
 12711 | D:11     | a killer bee changed into a glowing shapeshifter
 12711 | D:11     | Noticed a glowing shapeshifter (glowing shapeshifter)
 12711 | D:11     | XOM: polymorph killer bee -> glowing shapeshifter
 12711 | D:11     | a glowing shapeshifter changed into a death drake
 12711 | D:11     | Noticed a death drake (glowing shapeshifter)
 12714 | D:11     | a death drake changed into an elephant
 12714 | D:11     | Noticed an elephant (glowing shapeshifter)
 12715 | D:11     | an elephant changed into a steelbarb worm
 12715 | D:11     | Noticed a steelbarb worm (glowing shapeshifter)
 12717 | D:11     | a steelbarb worm changed into a slime creature
 12719 | D:11     | a slime creature changed into a steelbarb worm
 12719 | D:11     | Noticed a steelbarb worm (glowing shapeshifter)
 12721 | D:11     | a steelbarb worm changed into a mana viper
 12721 | D:11     | Noticed a mana viper (glowing shapeshifter)
 12725 | D:11     | a mana viper changed into a skyshark
 12725 | D:11     | Noticed a skyshark (glowing shapeshifter)
 12729 | D:11     | a skyshark changed into a faun
 12729 | D:11     | Noticed a faun (glowing shapeshifter)
 12730 | D:11     | XOM: cast spell 'Summon Horrible Things'
 12731 | D:11     | Killed a faun
 12777 | D:11     | XOM: cloud trail
 12831 | D:11     | Found a staircase to the Orcish Mines.
 12971 | D:11     | Identified a scroll of acquirement
 12971 | D:11     | Acquired the +13 crystal plate armour of Pan-Flutes {rF+}
 13044 | Lair:1   | Entered Level 1 of the Lair of Beasts
 13204 | Lair:1   | XOM: cast spell 'Metabolic Englaciation'
 13228 | Lair:1   | XOM: silly message
 13244 | Lair:1   | Reached XP level 12. HP: 52/86 MP: 0/0
 13322 | Lair:1   | XOM: polymorph komodo dragon -> manticore
 13324 | Lair:1   | XOM: silly message
 13339 | Lair:1   | XOM: polymorph manticore -> lindwurm
 13352 | Lair:1   | XOM: scenery: 2 fountains blood, 1 doors open
 13405 | D:9      | XOM: stat loss: -1 Dex (20/24)
 13428 | Lair:1   | XOM: summons friendly crimson imp
 13452 | Lair:1   | Reached skill level 6 in Armour
 13496 | Lair:1   | XOM: confuse monster(s)
 13561 | Lair:1   | Noticed Xavori's ghost (journeyman OpCK)
 13564 | Lair:1   | Found a transporter.
 13566 | Lair:1   | Found a transporter.
 13716 | Lair:1   | XOM: enchant monster (bad)
 13718 | Lair:1   | XOM: enchant monster (good)
 13740 | Lair:1   | XOM: 3-stop teleportation journey
 13932 | Lair:1   | XOM: summons friendly white imp
 13956 | Lair:1   | Reached skill level 5 in Spellcasting
 13956 | Lair:1   | Reached skill level 5 in Conjurations
 13956 | Lair:1   | Reached skill level 5 in Hexes
 13956 | Lair:1   | Reached skill level 5 in Summonings
 13956 | Lair:1   | Reached skill level 5 in Necromancy
 13956 | Lair:1   | Reached skill level 5 in Translocations
 13956 | Lair:1   | Reached skill level 5 in Transmutations
 13956 | Lair:1   | Reached skill level 5 in Fire Magic
 13956 | Lair:1   | Reached skill level 5 in Ice Magic
 13956 | Lair:1   | Reached skill level 5 in Air Magic
 13956 | Lair:1   | Reached skill level 5 in Earth Magic
 13956 | Lair:1   | Reached skill level 5 in Poison Magic
 14003 | Lair:1   | Reached skill level 7 in Armour
 14369 | Lair:1   | XOM: fog
 14399 | Lair:1   | XOM: summons 1 friendly demon
 14401 | Lair:1   | XOM: destruction
 14403 | Lair:1   | Killed Xavori's ghost
 14519 | Lair:1   | XOM: fog
 14546 | Lair:1   | XOM: fog
 14584 | Lair:1   | XOM: divination: detect items
 14589 | Lair:1   | Reached skill level 8 in Armour
 14630 | Lair:1   | XOM: divination: detect items
 14640 | Lair:1   | XOM: potion effect (invisibility)
 14650 | Lair:1   | Reached skill level 5 in Shields
 14659 | Lair:2   | XOM: snakes to sticks
 14670 | Lair:2   | XOM: 1-stop teleportation journey
 14671 | Lair:2   | Found an ornate altar of the Wu Jian Council.
 14675 | Lair:2   | XOM: divination: detect creatures
 14701 | Lair:2   | XOM: destruction
 14724 | Lair:2   | XOM: summons friendly ufetubus
 14726 | Lair:2   | XOM: cast spell 'Chain of Chaos'
 14744 | Lair:1   | Reached XP level 13. HP: 73/93 MP: 0/0
 14744 | Lair:1   | Learned a level 5 spell: Yara's Violent Unravelling
 14776 | Lair:2   | Reached skill level 9 in Armour
 14782 | Lair:2   | XOM: enchant monster (good)
 14876 | Lair:2   | Found a hide-covered altar of Uskayaw.
 14924 | Lair:2   | XOM: enchant monster (bad)
 14933 | Lair:2   | XOM: divination: detect creatures
 14983 | Lair:2   | XOM: scenery: summon butterflies
 14984 | Lair:2   | XOM: smoke on damage
 15076 | Lair:2   | Found a staircase to the Swamp.
 15194 | Lair:2   | XOM: summons 1 hostile demon
 15213 | Lair:2   | XOM: 2-stop teleportation journey
 15255 | Lair:2   | Found a staircase to the Snake Pit.
 15381 | Lair:2   | XOM: give mutations
 15381 | Lair:2   | Gained mutation: You occasionally lose the ability to read
                  | scrolls when taking damage. [Xom's mischief]
 15381 | Lair:2   | Lost mutation: Your flesh is almost immune to the effects
                  | of heat. (rF+++) [Xom's mischief]
 15381 | Lair:2   | Gained mutation: You are partially covered in iridescent
                  | scales. (AC +2) [Xom's mischief]
 16380 | Lair:1   | XOM: give mutations
 16380 | Lair:1   | Gained mutation: You are frail. (-10% HP) [Xom's mischief]
 16380 | Lair:1   | Lost mutation: You are partially covered in iridescent
                  | scales. (AC +2) [Xom's mischief]
 16564 | Lair:1   | XOM: give mutations
 16564 | Lair:1   | Gained mutation: Potions are less effective at restoring
                  | your health. [Xom's mischief]
 16564 | Lair:1   | Lost mutation: You have a pair of large horns on your head.
                  | [Xom's mischief]
 17973 | Lair:1   | XOM is BORED!
 17973 | Lair:1   | XOM: silly message
 18257 | Lair:1   | XOM: silly message
 18651 | Lair:1   | XOM is BORED!
 19123 | Lair:1   | XOM: silly message
 19964 | Lair:1   | XOM: cloud trail
 20064 | Lair:1   | XOM: silly message
 20978 | Lair:1   | XOM is BORED!
 20978 | Lair:1   | XOM: summons 1 hostile shadow creature
 21497 | Lair:1   | XOM: cloud trail
 21810 | Lair:1   | XOM: give mutations
 21810 | Lair:1   | Gained mutation: You have a pair of large horns on your
                  | head. [Xom's grace]
 21810 | Lair:1   | Gained mutation: You expend health (3 HP) to strengthen
                  | your wands. [Xom's grace]
 22610 | Lair:1   | XOM: silly message
 23057 | Lair:1   | XOM: divination: detect items
 23379 | Lair:1   | XOM: cloud trail
 23569 | Lair:1   | XOM: noise
 23887 | Lair:1   | Glimpsed the power of Zot.
 24010 | Lair:3   | XOM: divination: magic mapping
 24013 | Lair:2   | XOM: silly message
 24025 | Lair:2   | Reached skill level 10 in Armour
 24105 | Lair:3   | Reached skill level 10 in Long Blades
 24148 | Lair:3   | Noticed a six-headed hydra
 24157 | Lair:3   | Found a bloodstained altar of Trog.
 24159 | Lair:3   | XOM: chaos cloud
 24186 | Lair:3   | Killed a six-headed hydra
 24187 | Lair:3   | Reached skill level 11 in Armour
 24201 | Lair:3   | XOM: repel stairs
 24280 | Lair:3   | Noticed a seven-headed hydra
 24292 | Lair:3   | Killed a seven-headed hydra
 24611 | Lair:4   | Found a gate leading to a gauntlet.
 24620 | Gauntlet | Entered a Gauntlet
 24620 | Gauntlet | Found a transporter.
 24629 | Gauntlet | Found a transporter.
 24629 | Gauntlet | Found the amulet of the Air {Inacc Air Fly rElec RMsl}
 24631 | Gauntlet | Found a transporter.
 24633 | Gauntlet | Found a transporter.
 24666 | Gauntlet | Found a transporter.
 24668 | Gauntlet | Found a transporter.
 24690 | Gauntlet | Found a transporter.
 24698 | Gauntlet | Found a transporter.
 24704 | Gauntlet | Found a transporter.
 24709 | Gauntlet | Noticed a quicksilver ooze
 24721 | Gauntlet | Found a transporter.
 24736 | Gauntlet | Noticed a ghost crab
 24740 | Gauntlet | Found a transporter.
 24752 | Gauntlet | Found a transporter.
 24756 | Gauntlet | XOM: torment (43/84 hp)
 24767 | Gauntlet | Found a transporter.
 24775 | Gauntlet | Found the +2 pair of slick slippers {slick, slippery, EV+4}
 24776 | Gauntlet | Found a transporter.
 24788 | Gauntlet | Found a transporter.
 24790 | Gauntlet | Noticed a dire elephant
 24807 | Gauntlet | Found a transporter.
 24824 | Gauntlet | Found a transporter.
 24826 | Gauntlet | Found a transporter.
 24914 | Gauntlet | Paralysed by a floating eye for 3 turns
 24991 | Gauntlet | XOM: enchant monster (bad)
 24996 | Gauntlet | Killed a dire elephant
 25003 | Gauntlet | XOM: summons 3 hostile demons
 25006 | Gauntlet | Reached XP level 14. HP: 77/90 MP: 0/0
 25006 | Gauntlet | XOM: swap monsters
 25028 | Gauntlet | Identified the ring of Mones {Fire MP+9 Str+2 Dex+2}
 25077 | Gauntlet | Noticed a minotaur
 25089 | Gauntlet | Killed a minotaur
 25099 | Gauntlet | Identified the scarf of the Hippogriff {+Inv, -Cast rPois
                  | rF+++ rC-}
 25099 | Gauntlet | Identified the +3 pair of gloves of Ymeloecs {rElec rPois
                  | rF++ Will+ Int-5}
 25108 | Lair:4   | Lost mutation: You have a pair of large horns on your head.
                  | [potion of mutation]
 25108 | Lair:4   | Lost mutation: Your body often deteriorates upon taking
                  | damage. [potion of mutation]
 25108 | Lair:4   | Lost mutation: You are partially covered in large bone
                  | plates. (SH +4) [potion of mutation]
 25108 | Lair:4   | Gained mutation: You have a pair of large horns on your
                  | head. [potion of mutation]
 25185 | Lair:4   | XOM: draining
 25217 | Lair:4   | XOM: destruction
 25248 | Lair:4   | XOM: cast spell 'Call Canine Familiar'
 25263 | Lair:4   | XOM: cleaving
 25273 | Lair:4   | XOM: confuse monster(s)
 25274 | Lair:4   | Reached skill level 12 in Armour
 25299 | Lair:4   | XOM: 1-stop teleportation journey
 25303 | Lair:4   | XOM: summons 5 friendly demons
 25539 | Lair:4   | XOM: polymorph blink frog -> sky beast
 25540 | Lair:4   | XOM: polymorph elephant -> lindwurm
 25552 | Lair:4   | XOM: divination: magic mapping
 25923 | Lair:4   | XOM: destruction
 25933 | Lair:4   | XOM: summons 3 friendly demons
 25935 | Lair:4   | Reached skill level 10 in Fighting
 25946 | Lair:4   | Reached skill level 13 in Armour
 26047 | Lair:4   | Found a runed translucent door.
 26142 | Lair:4   | XOM: give mutations
 26142 | Lair:4   | Gained mutation: You are agile. (Dex +4, Str/Int -1) [Xom's
                  | grace]
 26142 | Lair:4   | Gained mutation: You have sharp fingernails. [Xom's grace]
 26561 | Lair:4   | XOM: god gift: 57 gold pieces
 26600 | Lair:4   | XOM: divination: detect items
 26634 | Lair:4   | XOM: summons friendly iron imp
 26636 | Lair:4   | XOM: fake destruction
 26637 | Lair:4   | XOM: smoke on damage
 26706 | Lair:4   | XOM: stat loss: -1 Int (13/14)
 26739 | Lair:5   | Entered Level 5 of the Lair of Beasts
 26759 | Lair:4   | XOM: confusion
 26766 | Lair:4   | XOM: blink monster(s)
 27054 | Lair:5   | Noticed Rupert
 27055 | Lair:5   | Rupert changed into Rupert the shadow dragon
 27055 | Lair:5   | Noticed Rupert
 27055 | Lair:5   | XOM: polymorph Rupert -> Rupert the shadow dragon
 27062 | Lair:5   | XOM: 2-stop teleportation journey
 27066 | Lair:5   | XOM: swap monsters
 27074 | Lair:5   | XOM: chaos cloud
 27076 | Lair:5   | XOM: polymorph water moccasin -> hornet
 27092 | Lair:5   | XOM: enchant monster (bad)
 27097 | Lair:5   | Reached skill level 1 in Short Blades
 27117 | Lair:5   | XOM: scenery: create altars
 27134 | Lair:5   | XOM: enchant monster (bad)
 27192 | Lair:5   | XOM: 6-stop teleportation journey
 27213 | Lair:5   | Reached XP level 15. HP: 36/97 MP: 0/0
 27213 | Lair:5   | Learned a level 6 spell: Eringya's Noxious Bog
 27228 | Lair:5   | XOM: confuse monster(s)
 27269 | Lair:5   | XOM: summons friendly quasit
 27287 | Lair:5   | Killed Rupert the shadow dragon
 27288 | Lair:5   | Reached skill level 14 in Armour
 27367 | Lair:5   | XOM: confusion (+ monsters)
 27871 | Lair:5   | Found a runed translucent door.
 27872 | Lair:5   | Found a staircase to the Slime Pits.
 27872 | Lair:5   | Noticed an azure jelly
 28038 | Lair:5   | Acquired 1016 gold pieces
 28237 | Orc:1    | Entered Level 1 of the Orcish Mines
 28238 | Orc:1    | Found Uckij's Overcharged Wands.
 28272 | Orc:1    | You are sucked into a shaft and drop 1 floor!
 28272 | Orc:2    | Entered Level 2 of the Orcish Mines
 28302 | Orc:2    | Found a staircase to the Elven Halls.
 28606 | Orc:2    | XOM: butterfly on damage
 28676 | Orc:1    | Noticed Maurice
 28679 | Orc:1    | XOM: cast spell 'Alistair's Intoxication'
 28683 | Orc:2    | XOM: polymorph orc -> frilled lizard
 28697 | Orc:2    | XOM: divination: detect items
 28710 | Orc:2    | Mangled by an orc warrior

Illustrated notes

Levels and vault maps discovered:
D:1:      sevenhm_arrival_forest_fort_small_3, layout_rooms,
          minmay_three_crescents
D:2:      layout_rooms, lightli_corner_chamber
D:3:      kennysheep_the_goblin_king, layout_basic, lemuel_crystal_altar,
          serial_corexii_hall, chequers_hall_statues_wall_a,
          chequers_hall_statues_wall_a
D:4:      layout_gridville, doesnt_xom_only_xom,
          minmay_temple_entry_statues_fountains
D:5:      layout_gridville, nicolae_overflow_squiral, gammafunk_ghost_stat_death
D:6:      layout_basic, serial_bayou, serial_bayou_lagoon_a,
          serial_bayou_pond_a, serial_bayou_pond_c, serial_bayou_pond_e,
          enter_ossuary_5, minmay_misc_feat_chi, uniq_maggie
D:7:      layout_gridville, nicolae_twisty_statue_hallways
D:8:      layout_basic, nicolae_uskayaw_en_pointe,
          nemelex_xobeh_ov_fountains_minmay, grunt_temple_overflow_open,
          gammafunk_ghost_arena, kennysheep_generic_room_15
D:9:      layout_grid_maze, lair_entry_dummy
D:10:     layout_long_grid
D:11:     layout_basic, orc_0_dummy, nicolae_looking_at_the_future
Lair:1:   layout_cave_pods, gammafunk_ghost_hive, minivault_25,
          grunt_megastairs_1, lemuel_fruit_fields
Lair:2:   lemuel_reptile_caves, layout_big_grid, minmay_swamp_entry_reptiles,
          minmay_snake_entry_guardpost_medium, nzn_masters_of_martial_movement
Lair:3:   layout_hall_layers, basic_altar, serial_bayou_shore_b
Lair:4:   gammafunk_lair_enchanted_lake, layout_layer_cave,
          gauntlet_entry_generic, grunt_megastairs_3
Lair:5:   guppyfry_lair_end_dragon, layout_cave_shapes, slime_entry_2,
          hangedman_lair_generics_rect, lemuel_fruit_fields, grunt_megastairs_2,
          serial_bayou_shore_a, uniq_rupert
Orc:1:    layout_caves, nicolae_shop_overcharged_wands, uniq_maurice
Orc:2:    st_orc_rangers, layout_caves

Skill      XL: |  1  2  3  4  5  6  7  8  9 10 11 12 13 14 15 |
---------------+----------------------------------------------+-----
Long Blades    | 3 4 5 6 7 8 9 10 11 | 11.1
Stealth        | 1 2 3 4 |  4.1
Armour         | 2 3 4 5 8 11 13 14 | 14.4
Spellcasting   | 1 2 3 4 5 6 |  6.5
Conjurations   | 1 2 3 4 5 6 |  6.5
Hexes          | 1 2 3 4 5 6 |  6.5
Summonings     | 1 2 3 4 5 6 |  6.5
Necromancy     | 1 2 3 4 5 6 |  6.5
Translocations | 1 2 3 4 5 6 |  6.5
Transmutations | 1 2 3 4 5 6 |  6.5
Fire Magic     | 1 2 3 4 5 6 |  6.5
Ice Magic      | 1 2 3 4 5 6 |  6.5
Air Magic      | 1 2 3 4 5 6 |  6.5
Earth Magic    | 1 2 3 4 5 6 |  6.5
Poison Magic   | 1 2 3 4 5 6 |  6.5
Dodging        | 3 4 5 6 7 |  7.9
Fighting       | 4 5 6 7 8 9 10 | 10.6
Evocations     | 2 4 5 |  5.8
Shields        | 2 3 5 6 |  6.8
Short Blades   | 1 4 |  4.0

Action                     |  1- 3 |  4- 6 |  7- 9 | 10-12 | 13-15 || total
---------------------------+-------+-------+-------+-------+-------++-------
  Melee: Falchion          |    67 |    84 |   246 |       |       ||   397
         Headbutt          |    12 |    12 |    59 |   113 |   253 ||   449
         Punch             |     2 |       |     4 |     8 |    17 ||    31
         Rapier            |       |       |    23 |   523 |   950 ||  1496
   Cast: Tukima's Dance    |       |       |       |     1 |       ||     1
  Evoke: Wand              |       |       |     2 |     2 |       ||     4
         Tin of tremorston |       |       |       |       |     1 ||     1
    Use: Scroll            |       |       |     9 |     9 |     5 ||    23
         Potion            |       |       |     1 |     1 |    12 ||    14
   Stab: Sleeping          |     4 |     4 |    16 |    15 |       ||    39
         Paralysed         |     1 |     1 |     4 |       |       ||     6
         Distracted        |       |       |     3 |     1 |     2 ||     6
         Confused          |       |       |     1 |     1 |     2 ||     4
         Invisible         |       |       |       |    12 |     3 ||    15
         Petrified         |       |       |       |       |     3 ||     3
 Armour: Leather armour    |    20 |    40 |   100 |   110 |       ||   270
         Crystal plate arm |       |       |       |   506 |  1765 ||  2271
  Dodge: Dodged            |    41 |   106 |   218 |   634 |   927 ||  1926
  Block: Other             |       |       |     8 |   166 |   141 ||   315

Table legend: (Time is in decaauts)
 A = Elapsed time spent in this place.
 B = Non-inter-level travel time spent in this place.
 C = Inter-level travel time spent in this place.
 D = Time resting spent in this place.
 E = Time spent auto-exploring this place.
 F = Levels seen in this place.
 G = Mean time per level.
                   A        B        C        D        E       F      G
               +--------+--------+--------+--------+--------+-----+--------+
         Total |  29278 |  28443 |    835 |  14041 |  10024 |  20 | 1463.9 |
       Dungeon |  13209 |  12727 |    482 |   5056 |   6191 |  11 | 1200.8 |
          Lair |  14924 |  14591 |    333 |   8985 |   3439 |   5 | 2984.8 |
  Orcish Mines |    491 |    472 |     19 |      0 |    281 |   2 |  245.5 |
       Ossuary |    159 |    159 |      0 |      0 |     61 |   1 |  159.0 |
      Gauntlet |    492 |    492 |      0 |      0 |     52 |   1 |  492.0 |
               +--------+--------+--------+--------+--------+-----+--------+

Top non-repeatable levels by time:
  Lair:1: 10004 daAuts
     D:1: 5486 daAuts
  Lair:4: 1972 daAuts
  Lair:5: 1184 daAuts
  Lair:2: 1149 daAuts
     D:6: 1043 daAuts
     D:7: 963 daAuts
     D:9: 916 daAuts
    D:10: 849 daAuts
     D:5: 819 daAuts
    D:11: 813 daAuts
     D:4: 761 daAuts
     D:8: 623 daAuts
  Lair:3: 613 daAuts
     D:3: 524 daAuts
